[Event "*** Titled Tuesday Blitz"]
[Site "Chess.com"]
[Date "2021.04.06"]
[Round "7"]
[White "AniJak"]
[Black "Boorchess"]
[Result "1/2-1/2"]
[WhiteElo "2298"]
[BlackElo "2541"]
[TimeControl "180+1"]
[EndTime "11:17:29 PDT"]
[Termination "Game drawn - insufficient material"]

1. e4 c5 2. Nf3 Nc6 3. d4 cxd4 4. Nxd4 g6 5. c4 Nf6 6. Nc3 d6 7. f3 Nxd4 8. Qxd4 Bg7 9. Be3 O-O 10. Qd2 Be6 11. Be2 Qa5 12. O-O Rfc8 13. b3 a6 14. Rac1 b5 15. cxb5 axb5 16. Nxb5 Qxd2 17. Bxd2 Rxa2 18.
Rxc8+ Bxc8 19. Rd1 Be6 20. Nd4 Nxe4 21. Nxe6 Nxd2 22.
Nxg7 Kxg7 23. b4 Rb2 24. Kf2 d5 25. Ke3 Nc4+ 26. Bxc4 dxc4 27. Kd4 Rxb4 28. Kc3 Ra4 29. Rd2 e6 30. Kd4 Kf6 31. Rc2 g5 32. g3 h5 33. h4 gxh4 34. gxh4 Kf5 35. Rg2 c3+ 36. Kxc3 Rxh4 37. Kd3 Ra4 38. Rg7 f6 39. Ke3 h4 40.
Rh7 e5 41. Rh8 Rf4 42. Rh6 Ke6 43. Ke2 Kd5 44. Ke3 Ra4 45. Rxf6 h3 46. Rh6 h2 47. Rxh2 Ra3+ 48. Kf2 Ra2+ 49. Kg3 Rxh2 50. Kxh2 Kd4 51.
Kg2 Kd3 52. Kf2 Kd2 53. Kf1 Ke3 54. Kg2 Ke2 55. Kg3 Ke3 56. Kg2 Kf4 57. Kf2 e4 58. fxe4 Kxe4 1/2-1/2

[Event "*** Titled Tuesday Blitz"]
[Site "Chess.com"]
[Date "2021.04.06"]
[Round "7"]
[White "AlexOstrovskiy"]
[Black "Jospem"]
[Result "0-1"]
[WhiteElo "2746"]
[BlackElo "2914"]
[TimeControl "180+1"]
[EndTime "11:17:30 PDT"]
[Termination "Jospem won by checkmate"]

1. d4 Nf6 2. Bg5 Ne4 3. h4 h6 4.
Bf4 d5 5. Nd2 Nxd2 6. Qxd2 e6 7.
e3 Bd6 8. Nf3 Nc6 9. O-O-O Bd7 10. Kb1 Qe7 11. Ne5 Bxe5 12. dxe5 O-O-O 13. h5 f6 14.
exf6 gxf6 15. Bg3 e5 16. Be2 Be6 17. Bb5 Qc5 18. Ba4 d4 19. Bb3 Bxb3 20. axb3 Nb4 21. exd4 Qa5 22. Qc3 exd4 23. Qc4 d3 24. cxd3 Qa2+ 25. Kc1 Qa1+ 26. Kd2 Qxb2+ 27. Ke3 Rhe8+ 28. Kf3 Qe2+ 29. Kf4 Nd5+ 30. Kf5 Qe6+ 31. Kg6 f5+ 32. Kg7 Rd7# 0-1

[Event "*** Titled Tuesday Blitz"]
[Site "Chess.com"]
[Date "2021.04.06"]
[Round "7"]
[White "TeukkaSalama"]
[Black "korbul"]
[Result "0-1"]
[WhiteElo "2376"]
[BlackElo "2549"]
[TimeControl "180+1"]
[EndTime "11:17:34 PDT"]
[Termination "korbul won on time"]

1. d4 Nf6 2. Bf4 d5 3. e3 e6 4. Nd2 c5 5. c3 Nc6 6. Ngf3 Bd6 7. Bg3 O-O 8. Bd3 b6 9. Qe2 Bb7 10. Rd1 a5 11. e4 Be7 12. e5 Nh5 13. a3 g6 14. Nf1 Qc8 15. Ne3 Ba6 16. Ng4 Bxd3 17. Rxd3 cxd4 18. cxd4 b5 19. Bh4 Nf4 20. Qe3 Nxd3+ 21.
Qxd3 Bxh4 22. Nxh4 Ne7 23. Nf6+ Kg7 24. O-O Qc4 25. Qe3 Rfc8 26. Qg5 Qe2 27. Nf3 Ng8 28. h4 h6 29. Nh5+ Kh7 30. Nf6+ Nxf6 31. Qxf6 Ra7 32. g4 Qe4 33. h5 Qxg4+ 34. Kh2 Qxh5+ 35. Kg2 Qg4+ 36. Kh2 Qf5 37. Qh4 Qxf3 38. Rh1 Rc2 39. Rf1 Qh5 40. Qxh5 gxh5 0-1

[Event "*** Titled Tuesday Blitz"]
[Site "Chess.com"]
[Date "2021.04.06"]
[Round "7"]
[White "RobertoJBM"]
[Black "Semetey"]
[Result "1-0"]
[WhiteElo "2700"]
[BlackElo "2524"]
[TimeControl "180+1"]
[EndTime "11:17:39 PDT"]
[Termination "RobertoJBM won by checkmate"]

1. e4 c5 2. Nf3 d6 3. d4 cxd4 4. Nxd4 Nf6 5. Nc3 a6 6. f3 e5 7. Nb3 Be6 8. Be3 Be7 9. Qd2 O-O 10. O-O-O Nbd7 11. g4 b5 12. g5 Nh5 13. Kb1 Nb6 14. Rg1 Nc4 15. Bxc4 bxc4 16. Nc1 Rb8 17. Ka1 Qd7 18.
N1e2 Qb7 19. Rb1 Rfd8 20. Rgd1 Bf8 21. h4 g6 22. Nd5 Bg7 23. Qa5 Bxd5 24. Rxd5 Nf4 25.
Nxf4 exf4 26. Bd4 Bxd4 27. Rxd4 Qc6 28. Rbd1 Rd7 29. Qd5 Qb6 30. Rb1 c3 31. b3 Rc8 32.
Rd3 Rc5 33. Qd4 Qc7 34. Rbd1 Qa5 35. Qf6 d5 36. Qxf4 Qa3 37. Qb8+ Kg7 38. Rxc3 Ra5 39. Qe5+ f6 40. Qxf6+ Kg8 41. Rc8+ Rd8 42. Rxd8+ Qf8 43. Rxf8# 1-0

[Event "*** Titled Tuesday Blitz"]
[Site "Chess.com"]
[Date "2021.04.06"]
[Round "7"]
[White "Chamal_Gedgafov"]
[Black "zurzan"]
[Result "1-0"]
[WhiteElo "2207"]
[BlackElo "1985"]
[TimeControl "180+1"]
[EndTime "11:17:39 PDT"]
[Termination "Chamal_Gedgafov won by resignation"]

1. d4 d6 2. c4 f5 3. Nc3 Nf6 4. g3 g6 5. Bg2 Bg7 6. Nf3 O-O 7. O-O c6 8. b3 Na6 9. Bb2 Qc7 10. d5 e5 11. dxe6 Bxe6 12. e3 Rad8 13. a3 Rfe8 14. Qc2 Bc8 15. Rac1 Qe7 16. Rfd1 Nc5 17.
b4 Nce4 18. Nxe4 Nxe4 19. Bxg7 Qxg7 20. Nd4 d5 21. c5 h5 22. a4 Qh6 23. b5 Bd7 24. Rb1 h4 25. bxc6 Bxc6 26. Nxc6 bxc6 27. Rb7 hxg3 28. hxg3 Ra8 29. Qb2 Rf8 30. Qd4 Rf7 31. Rdb1 Raf8 32. a5 Rxb7 33. Rxb7 Rf7 34. a6 Qf8 35. Qe5 Nxc5 36. Rb8 Nxa6 37. Rxf8+ Rxf8 38. Qe6+ Rf7 39. Qxc6 Nc7 40. Qxg6+ Kf8 41. Qd6+ Ke8 42. Bxd5 Nxd5 43. Qxd5 Kf8 44. e4 fxe4 45. Qxe4 Re7 46.
Qf5+ Ke8 47. g4 Kd8 48. g5 Kc7 49. g6 Kb6 50. Qf6+ 1-0

[Event "*** Titled Tuesday Blitz"]
[Site "Chess.com"]
[Date "2021.04.06"]
[Round "7"]
[White "DinaBelenkaya"]
[Black "nss13"]
[Result "1-0"]
[WhiteElo "2365"]
[BlackElo "2501"]
[TimeControl "180+1"]
[EndTime "11:17:40 PDT"]
[Termination "DinaBelenkaya won on time"]

1. e4 c5 2. Nc3 Nc6 3. g3 g6 4. Bg2 Bg7 5. d3 d6 6. Be3 e5 7. f4 Nge7 8. Nf3 O-O 9. Qd2 f5 10. O-O-O Rb8 11. fxe5 Nxe5 12. Nxe5 Bxe5 13. Rdf1 Be6 14.
Bh6 Rf7 15. Nd5 Bxd5 16. exd5 b5 17. g4 b4 18. h4 fxg4 19. Rxf7 Kxf7 20. h5 Nf5 21.
Be4 Qf6 22. Bg5 Bxb2+ 23. Kb1 Bc3 24. Qc1 Qe5 25. hxg6+ Kxg6 26. Rxh7 Kxh7 27. Qh1+ Kg8 28.
Qh5 Qg7 29. Bxf5 Re8 30. Qxe8+ 1-0

[Event "*** Titled Tuesday Blitz"]
[Site "Chess.com"]
[Date "2021.04.06"]
[Round "7"]
[White "fabianvivasz"]
[Black "viktorgen2021"]
[Result "0-1"]
[WhiteElo "2391"]
[BlackElo "2277"]
[TimeControl "180+1"]
[EndTime "11:17:41 PDT"]
[Termination "viktorgen2021 won on time"]

1. c4 Nf6 2. g3 e6 3. Bg2 d5 4. Nf3 b6 5. O-O Bb7 6. b3 Be7 7. Bb2 Nbd7 8. Nc3 O-O 9. d3 c5 10. e3 Rc8 11. Rc1 Re8 12. Qe2 Bf8 13. Rfd1 e5 14.
Nh4 Nb8 15. cxd5 Nxd5 16. Bh3 Rc7 17. Nb5 Rc6 18. Nxa7 Rf6 19. Nb5 g6 20. Qd2 Bg7 21.
d4 cxd4 22. exd4 e4 23. Ng2 Rf3 24. Bg4 Rd3 25. Qe2 Rxd1+ 26. Rxd1 f5 27. Bh3 Kh8 28. Ne3 Nb4 29. Bf1 Nd3 30. Ba1 Ba6 31. a4 Qd7 32. Qc2 Nb4 33. Qc3 Nd5 34. Nxd5 Qxd5 35. Nc7 Qd7 36.
Nxa6 Nxa6 37. Bxa6 f4 38. Bb5 Qg4 39. Rf1 Rf8 0-1

[Event "*** Titled Tuesday Blitz"]
[Site "Chess.com"]
[Date "2021.04.06"]
[Round "7"]
[White "Kale36"]
[Black "beto-betun"]
[Result "1/2-1/2"]
[WhiteElo "2393"]
[BlackElo "2221"]
[TimeControl "180+1"]
[EndTime "11:17:42 PDT"]
[Termination "Game drawn by repetition"]

1. b3 c5 2. Bb2 Nc6 3. e3 d6 4.
Bb5 Bd7 5. Nf3 e6 6. d4 cxd4 7. Nxd4 Nge7 8. O-O a6 9. Nxc6 bxc6 10. Be2 d5 11. Nd2 Ng6 12. c4 Bd6 13. Nf3 O-O 14. cxd5 cxd5 15. Qd4 f6 16. Qd2 Qe7 17. g3 Rfc8 18. Rac1 Ne5 19. Nxe5 fxe5 20. Rxc8+ Bxc8 21. Rc1 Bb7 22. f4 exf4 23. exf4 Rc8 24. Bd4 Bc5 25. Qe3 Ba3 26. Rxc8+ Bxc8 27. Kf2 a5 28. Bd3 Qb4 29.
Qe5 Qe7 30. h4 Bd6 31. Qe3 Bd7 32. Be5 Bc5 33. Bd4 Bd6 34. Be5 Bc5 35. Bd4 Bd6 1/2-1/2

[Event "*** Titled Tuesday Blitz"]
[Site "Chess.com"]
[Date "2021.04.06"]
[Round "7"]
[White "steka121"]
[Black "PavelShkapenko"]
[Result "1/2-1/2"]
[WhiteElo "2368"]
[BlackElo "2724"]
[TimeControl "180+1"]
[EndTime "11:17:44 PDT"]
[Termination "Game drawn by agreement"]

1. e4 e5 2. d4 exd4 3. Nf3 Nc6 4. Nxd4 Bc5 5. Be3 Qf6 6. c3 Nge7 7. Bc4 O-O 8. O-O Qg6 9. Nxc6 Qxc6 10. Bxc5 Qxc5 11. Qd4 b6 12. b4 Qxd4 13. cxd4 a5 14. b5 Bb7 15.
Nc3 Rae8 16. Rac1 Bxe4 17. Nxe4 d5 18. Bb3 dxe4 19. Rxc7 Nf5 20. Rd1 Rd8 21. d5 Nd6 22. a4 Rb8 23. Rc6 Rfd8 24. Rdc1 Kf8 25. Rc7 Rb7 26.
Rxb7 Nxb7 27. Rc6 Rd6 28. Bc2 Ke7 29. Bxe4 Nc5 1/2-1/2

[Event "*** Titled Tuesday Blitz"]
[Site "Chess.com"]
[Date "2021.04.06"]
[Round "7"]
[White "Oglob71"]
[Black "zajka-molotok"]
[Result "0-1"]
[WhiteElo "2379"]
[BlackElo "2525"]
[TimeControl "180+1"]
[EndTime "11:17:44 PDT"]
[Termination "zajka-molotok won by resignation"]

1. Nf3 Nc6 2. g3 e5 3. c4 f5 4.
Bg2 Nf6 5. d4 e4 6. Ng5 Be7 7.
Nc3 O-O 8. h4 h6 9. Nh3 d5 10. Nf4 dxc4 11. d5 Ne5 12. Qd4 Bd6 13.
h5 Bd7 14. a4 Qe8 15. Be3 b6 16. Ng6 Nxg6 17. hxg6 Qxg6 18. Qxc4 Ng4 19. Bd4 e3 20. f4 Nf2 21. Bxe3 Nxh1 22. Bxh1 Qxg3+ 23. Kd2 Rae8 24. Bf3 Re7 25. Rg1 Qh4 26. Qd4 Bc5 27. Qxc5 bxc5 28. Bxc5 Qxf4+ 29. Kc2 Rfe8 30. Bxe7 Rxe7 31. b3 Qd4 32.
Rd1 Qc5 33. Kb2 g5 34. d6 cxd6 35. Nd5 Rf7 36. Rc1 Qd4+ 37. Ka2 Be6 0-1

[Event "*** Titled Tuesday Blitz"]
[Site "Chess.com"]
[Date "2021.04.06"]
[Round "7"]
[White "grunbergmihai"]
[Black "albi1999"]
[Result "0-1"]
[WhiteElo "2474"]
[BlackElo "2602"]
[TimeControl "180+1"]
[EndTime "11:17:47 PDT"]
[Termination "albi1999 won by resignation"]

1. Nf3 d5 2. c4 d4 3. e3 Nc6 4. d3 e5 5. a3 a5 6. exd4 exd4 7. g3 Bf5 8. Bg2 Be7 9. O-O Nf6 10. Re1 O-O 11.
Ne5 Nxe5 12. Rxe5 Bg6 13. Bg5 c6 14. Qc2 h6 15. Bxf6 Bxf6 16. Re2 Re8 17. Rxe8+ Qxe8 18. Nd2 Qd7 19. Ne4 Be7 20. Re1 Re8 21. f4 Bf8 22. Qd2 b6 23. Nf2 Re3 24. Rxe3 dxe3 25. Qxe3 Bc5 26. Qe2 Qxd3 27. Qxd3 Bxd3 28. Bxc6 Bxc4 29.
Kg2 Kf8 30. Ne4 Bd4 31. b4 Ke7 32. bxa5 bxa5 33. a4 Be2 34. Nd2 Kd6 35. Nb3 Bc3 36. Be8 Bc4 37. Nc1 Bd2 0-1

[Event "*** Titled Tuesday Blitz"]
[Site "Chess.com"]
[Date "2021.04.06"]
[Round "7"]
[White "Chuchofrio1"]
[Black "Nemsko"]
[Result "1-0"]
[WhiteElo "2373"]
[BlackElo "2298"]
[TimeControl "180+1"]
[EndTime "11:17:47 PDT"]
[Termination "Chuchofrio1 won by resignation"]

1. e4 e5 2. Nf3 Nc6 3. Bb5 a6 4. Ba4 Nf6 5. O-O b5 6. Bb3 Be7 7.
Re1 O-O 8. d4 d6 9. Nc3 Bg4 10.
dxe5 Nxe5 11. Bf4 Nxf3+ 12. gxf3 Bh3 13. Bg3 c6 14. Ne2 Qc7 15. Nf4 Bd7 16. Nd3 c5 17. c4 Be6 18. Rc1 Qb7 19. Nf4 Rad8 20. Nxe6 fxe6 21. cxb5 axb5 22. Bxe6+ Kh8 23. Qe2 Nh5 24. Bd5 Qa6 25. a3 Qb6 26. Qe3 Bf6 27. b4 Bd4 28. Qg5 Nxg3 29. hxg3 cxb4 30. Kg2 Bxf2 31.
Rh1 Be3 32. Rxh7+ 1-0

[Event "*** Titled Tuesday Blitz"]
[Site "Chess.com"]
[Date "2021.04.06"]
[Round "7"]
[White "mishanick"]
[Black "Rish_97"]
[Result "1-0"]
[WhiteElo "2937"]
[BlackElo "2694"]
[TimeControl "180+1"]
[EndTime "11:17:48 PDT"]
[Termination "mishanick won by resignation"]

1. e4 c5 2. Nf3 Nc6 3. d4 cxd4 4.
Nxd4 g6 5. c4 Bg7 6. Be3 Nf6 7.
Nc3 O-O 8. Be2 d6 9. Qd2 Bd7 10. O-O Nxd4 11. Bxd4 Bc6 12. f3 a5 13. b3 Nd7 14.
Be3 Nc5 15. Rab1 Be5 16. Nb5 e6 17. g3 Qe7 18. Rbd1 b6 19. Bg5 f6 20. Bh6 Rfd8 21.
f4 Nxe4 22. Qe3 Bb2 23. Rb1 Bxb5 24. cxb5 d5 25. Rxb2 Rac8 26. Qxb6 Rc3 27. Qd4 e5 28. fxe5 fxe5 29. Qd1 Qc5+ 30. Kg2 d4 31. Bc4+ Rxc4 32. bxc4 Qxc4 33. Qf3 1-0

[Event "*** Titled Tuesday Blitz"]
[Site "Chess.com"]
[Date "2021.04.06"]
[Round "7"]
[White "Joseacorrea"]
[Black "kinga2008"]
[Result "0-1"]
[WhiteElo "2083"]
[BlackElo "2263"]
[TimeControl "180+1"]
[EndTime "11:17:49 PDT"]
[Termination "kinga2008 won on time"]

1. d4 g6 2. e3 Bg7 3. Bd3 Nf6 4. h4 O-O 5. h5 Nxh5 6. Rxh5 gxh5 7. Qxh5 h6 8. Qf5 Re8 9. Qh7+ Kf8 10. e4 e6 11. Bxh6 Bxh6 12. Qxh6+ Ke7 13. e5 d5 14. Qf6+ Kd7 15. Qxf7+ Qe7 16. Qxe7+ Kxe7 17. Nf3 Nc6 18. Nc3 Bd7 19. Ke2 a6 20. a3 b5 21. Ke3 Rg8 22.
g3 Raf8 23. Nh4 Be8 24. Ne2 Na5 25. b3 c5 26. Nf4 Kd7 27. b4 cxd4+ 28. Kxd4 Nc6+ 29.
Kc5 Nxe5 30. Rd1 Bf7 31. Bh7 Rc8+ 32. Kb6 Rc6+ 33. Kb7 Rgc8 34. c4 R8c7+ 35. Kb8 Nxc4 0-1

[Event "*** Titled Tuesday Blitz"]
[Site "Chess.com"]
[Date "2021.04.06"]
[Round "7"]
[White "Firouzja2003"]
[Black "Genghis_K"]
[Result "1-0"]
[WhiteElo "3139"]
[BlackElo "2944"]
[TimeControl "180+1"]
[EndTime "11:17:50 PDT"]
[Termination "Firouzja2003 won by resignation"]

1. e4 c5 2. Nc3 d6 3. Nf3 Nf6 4. h3 a6 5. a4 g6 6. Bc4 Bg7 7. d3 O-O 8. O-O Nc6 9. Bg5 Rb8 10. Qd2 Bd7 11. Rfe1 Re8 12. e5 dxe5 13. Nxe5 Nxe5 14. Rxe5 b5 15. axb5 axb5 16. Bb3 Qb6 17. Be3 Rbc8 18. Re1 e6 19. Ba2 Qd6 20. Bf4 Qb6 21. Bh6 Bh8 22. Qe3 Qd6 23. Qf3 b4 24. Nd1 Bc6 25. Qe2 Bd5 26. Bxd5 Nxd5 27. Re4 Bg7 28. Bxg7 Kxg7 29.
Ne3 Nxe3 30. Qxe3 Red8 31. b3 Qc7 32. Rc4 Rd5 33. Ra1 Qe5 34. Qxe5+ Rxe5 35. Kf1 Rd5 36. Ra5 Kf6 37. Ke2 Rc7 38. Rb5 Ke5 39. Rbxb4 Ra7 40.
Rb5 Rc7 41. b4 Kd6 42. Rbxc5 Rdxc5 43. Rxc5 Ra7 44. Ra5 Rb7 45. c3 Rc7 46. c4 Rb7 47. Ra6+ Ke5 48. b5 Kd4 49. Rd6+ Kc3 50. b6 Kb4 51. Rc6 Ka5 52. c5 Kb5 53. Rc7 Rb8 54. b7 Rxb7 55. Rxb7+ 1-0

[Event "*** Titled Tuesday Blitz"]
[Site "Chess.com"]
[Date "2021.04.06"]
[Round "7"]
[White "WPWPWP-2015"]
[Black "kingofthenil"]
[Result "0-1"]
[WhiteElo "2438"]
[BlackElo "2625"]
[TimeControl "180+1"]
[EndTime "11:17:50 PDT"]
[Termination "kingofthenil won on time"]

1. d4 e6 2. e4 Ke7 3. f4 Kd6 4. Nf3 c6 5. f5 Kc7 6. Nc3 Qe8 7.
Bf4+ Kd8 8. Bd3 exf5 9. O-O fxe4 10.
Nxe4 d5 11. Nd6 Bxd6 12. Bxd6 Be6 13. Qd2 Nd7 14. Qg5+ Ngf6 15. Qxg7 Rg8 16. Qh6 Ne4 17.
Qh4+ Kc8 18. Bxe4 dxe4 19. Qxe4 Rxg2+ 20. Kh1 Rg4 21. Qe2 Qg8 22. Bg3 Bd5 23. c4 Be4 24. Kg1 Nf6 25. Rf2 Nh5 26. Rg2 Nxg3 27. hxg3 Rxg3 28. Rf1 Kc7 29. Rf2 f5 30. Qd2 Qg4 31. Kf1 Bxf3 32. Rxg3 Qxg3 33. Qe3 Bg2+ 34. Ke2 Qxe3+ 35. Kxe3 Re8+ 36. Kf4 Be4 37. Rh2 Re7 38. Kg5 Rd7 39. Kf6 Rxd4 40. Ke5 Rxc4 41. Rxh7+ Kb6 42.
b3 Rc2 43. Rh3 Rxa2 0-1

[Event "*** Titled Tuesday Blitz"]
[Site "Chess.com"]
[Date "2021.04.06"]
[Round "7"]
[White "vrekhson"]
[Black "McCarthyStone"]
[Result "0-1"]
[WhiteElo "2212"]
[BlackElo "2399"]
[TimeControl "180+1"]
[EndTime "11:17:50 PDT"]
[Termination "McCarthyStone won on time"]

1. e4 d6 2. Nc3 Nf6 3. g3 c6 4. Bg2 g6 5. Nge2 Bg7 6. d3 O-O 7.
O-O b5 8. f4 Qb6+ 9. Kh1 Ng4 10. d4 b4 11. Na4 Qa6 12. b3 e5 13. h3 exd4 14. hxg4 Bxg4 15. Re1 d3 16. cxd3 Bxa1 17. Qc2 Bg7 18. Bb2 Nd7 19. Bxg7 Kxg7 20. Nd4 Rac8 21. Rc1 Nf6 22. Qd2 Qa5 23. Rc2 Qh5+ 24. Kg1 c5 25. Nb5 Ne8 26. Nxa7 Ra8 27. Nb5 Bf3 28. d4 Bxg2 29. Kxg2 c4 30. Rxc4 Qxb5 31. d5 Rxa4 32. Qd4+ Kg8 33. bxa4 Qxa4 34. e5 Qxa2+ 35. Kh3 dxe5 36.
fxe5 b3 37. Rb4 Qc2 38. d6 Ng7 39. d7 Rd8 40. Qd6 Qf5+ 41. Kg2 Qc2+ 42. Kf3 Nf5 43. Rb8 Qc3+ 0-1

[Event "*** Titled Tuesday Blitz"]
[Site "Chess.com"]
[Date "2021.04.06"]
[Round "7"]
[White "Witik"]
[Black "Shuvalov"]
[Result "1-0"]
[WhiteElo "2734"]
[BlackElo "2476"]
[TimeControl "180+1"]
[EndTime "11:17:51 PDT"]
[Termination "Witik won by resignation"]

1. Nf3 d5 2. g3 Nf6 3. Bg2 Bf5 4. O-O e6 5. d3 h6 6. c4 dxc4 7. e4 Bg4 8. Qa4+ Nc6 9. Ne5 cxd3 10. Nxc6 bxc6 11.
e5 Nd7 12. Qxg4 Nxe5 13. Qe4 Qd5 14. Nc3 Qxe4 15. Bxe4 Rd8 16. Bf4 Bd6 17. Rad1 c5 18.
Bxe5 Bxe5 19. Rxd3 Bd4 20. Rfd1 Ke7 21. Nb5 f5 22.
Bg2 e5 23. Nxa7 c4 24. Nc6+ Ke6 25. Nxd4+ exd4 26. Rxd4 Rxd4 27. Rxd4 Rb8 28. Rxc4 Rxb2 29. Rxc7 g5 30. Ra7 Ke5 31. Ra5+ Kd4 32. Rxf5 Rxa2 33. Rf6 h5 34. Rf5 h4 35. Rxg5 hxg3 36. hxg3 1-0

[Event "*** Titled Tuesday Blitz"]
[Site "Chess.com"]
[Date "2021.04.06"]
[Round "7"]
[White "K_A_S_T_O_R"]
[Black "BvsN"]
[Result "1-0"]
[WhiteElo "2778"]
[BlackElo "2453"]
[TimeControl "180+1"]
[EndTime "11:17:51 PDT"]
[Termination "K_A_S_T_O_R won by resignation"]

1. e4 c5 2. Nf3 e6 3. d4 cxd4 4. Nxd4 a6 5. Bd3 Nf6 6. O-O Qc7 7. Qe2 d6 8. f4 Nbd7 9. c4 g6 10. f5 gxf5 11. exf5 e5 12. Ne6 fxe6 13. fxe6 Nc5 14. Rxf6 Bxe6 15. b4 Bg7 16. Qh5+ Bf7 17. Qg5 Ne6 18.
Qh4 Bxf6 19. Qxf6 Rf8 20. Nc3 Nd4 21. Ne4 Rd8 22. Bh6 Rg8 23. Qf2 Rg6 24. Nf6+ Rxf6 25. Qxf6 Qe7 26. Qxe7+ Kxe7 27. Bg5+ Ke8 28. Bxd8 Kxd8 29.
Rf1 Ke8 30. Kf2 b5 31. cxb5 axb5 32. a3 d5 33. Ke3 Ne6 34. g3 d4+ 35. Kd2 Ng5 36. h4 Ne6 37. Bxh7 Nc7 38. Re1 e4 1-0

[Event "*** Titled Tuesday Blitz"]
[Site "Chess.com"]
[Date "2021.04.06"]
[Round "7"]
[White "LenkaPtacnikova"]
[Black "gisela_roque"]
[Result "1-0"]
[WhiteElo "2183"]
[BlackElo "1750"]
[TimeControl "180+1"]
[EndTime "11:17:51 PDT"]
[Termination "LenkaPtacnikova won by resignation"]

1. c4 g6 2. g3 Bg7 3. Bg2 Nf6 4. Nc3 d6 5. Nf3 O-O 6. O-O c5 7. d4 Nc6 8. dxc5 dxc5 9. Be3 Be6 10. Bxc5 Bxc4 11.
Rc1 Be6 12. Ng5 Qd7 13. Qxd7 Bxd7 14. Bxc6 Bxc6 15. Bxe7 Rfe8 16. Ba3 h6 17. Nf3 Nd7 18. Rfd1 Nb6 19. Nd4 Bd7 20. b3 Bh3 21. Ncb5 Rad8 22. e3 a6 23. Nd6 Re6 24. Nxb7 Rb8 25. Nxe6 Bxe6 26. Rd8+ 1-0

[Event "*** Titled Tuesday Blitz"]
[Site "Chess.com"]
[Date "2021.04.06"]
[Round "7"]
[White "Haykoooo0o"]
[Black "DKmirl"]
[Result "1-0"]
[WhiteElo "2439"]
[BlackElo "1942"]
[TimeControl "180+1"]
[EndTime "11:17:51 PDT"]
[Termination "Haykoooo0o won on time"]

1. d4 Nf6 2. Nf3 d5 3. e3 g6 4.
Bd3 Bg7 5. Nbd2 O-O 6. Qe2 Nbd7 7. c3 c5 8. O-O Re8 9. e4 dxe4 10. Nxe4 cxd4 11.
Nxd4 Nxe4 12. Bxe4 Nc5 13. Bf3 e5 14. Re1 Bd7 15.
Nb3 e4 16. Bg4 Nd3 17. Bxd7 Qxd7 18. Rd1 Nxc1 19. Raxc1 Qc7 20. Rd5 Rad8 21. Rcd1 Rxd5 22. Rxd5 Rd8 23. Qd1 Bf6 24. Rxd8+ Bxd8 25. Qd5 Bf6 26.
Qxe4 Be5 27. g3 Qd6 28. Nd4 Bxd4 29. Qxd4 Qa6 30. a3 b6 31. c4 Qb7 32. Qd5 1-0

[Event "*** Titled Tuesday Blitz"]
[Site "Chess.com"]
[Date "2021.04.06"]
[Round "7"]
[White "anon481216"]
[Black "ybruned"]
[Result "1-0"]
[WhiteElo "2508"]
[BlackElo "2341"]
[TimeControl "180+1"]
[EndTime "11:17:53 PDT"]
[Termination "anon481216 won by resignation"]

1. d4 b6 2. c4 Bb7 3. Nc3 e6 4. a3 Nf6 5. d5 exd5 6. cxd5 Bd6 7. Nf3 O-O 8. Bg5 h6 9. Bh4 Re8 10. e3 c6 11. Bc4 Ba6 12. Bxa6 Nxa6 13. O-O Nc7 14.
dxc6 dxc6 15. Nd4 c5 16. Nf5 Be5 17. Qc2 Qd7 18. Rad1 Qe6 19. Bg3 Bxg3 20. hxg3 Rad8 21. Rfe1 Ncd5 22. Nxd5 Rxd5 23. Rxd5 Qxd5 24. f3 Rd8 25. Ne7+ 1-0

[Event "*** Titled Tuesday Blitz"]
[Site "Chess.com"]
[Date "2021.04.06"]
[Round "7"]
[White "jonaszmb"]
[Black "NoGuru"]
[Result "1-0"]
[WhiteElo "2505"]
[BlackElo "2336"]
[TimeControl "180+1"]
[EndTime "11:17:53 PDT"]
[Termination "jonaszmb won by resignation"]

1. Nf3 d5 2. c4 e6 3. d4 Nf6 4. g3 Bb4+ 5. Nbd2 O-O 6. Bg2 b6 7. O-O Bb7 8. Qc2 Nbd7 9. cxd5 Nxd5 10. e4 N5f6 11. e5 Nd5 12. Ne4 Be7 13. Bg5 h6 14. Bxe7 Qxe7 15. Rac1 Rac8 16. Qa4 a6 17. Rfd1 c5 18.
Nd6 Rc7 19. Nxb7 Rxb7 20. Qxa6 Rc7 21. dxc5 Nxc5 22. Qe2 Rfc8 23. Nd4 Nd7 24. Rxc7 Rxc7 25. Bxd5 exd5 26. Nf5 Qxe5 27. Qxe5 Nxe5 28. Rxd5 Nf3+ 29. Kg2 Ng5 30. Ne3 Ne6 31. Rb5 Rc6 32. Nd5 Nd4 33.
Rb4 Ne2 34. Ne7+ 1-0

[Event "*** Titled Tuesday Blitz"]
[Site "Chess.com"]
[Date "2021.04.06"]
[Round "7"]
[White "maximnovik"]
[Black "A-Fier"]
[Result "0-1"]
[WhiteElo "2568"]
[BlackElo "2721"]
[TimeControl "180+1"]
[EndTime "11:17:56 PDT"]
[Termination "A-Fier won on time"]

1. Nf3 Nf6 2. g3 e6 3. Bg2 b6 4.
O-O Bb7 5. d3 d5 6. Nbd2 Be7 7.
e4 dxe4 8. dxe4 O-O 9. e5 Nfd7 10. Re1 c5 11. Qe2 Nc6 12. h4 Qc7 13. Nf1 Nd4 14. Nxd4 cxd4 15. Bxb7 Qxb7 16. Bg5 Bb4 17. Red1 Bc5 18.
Nh2 Qd5 19. Nf3 f6 20. exf6 gxf6 21. Bh6 Rfe8 22. c3 e5 23. Nd2 Kh8 24. cxd4 exd4 25. Qf3 Qxf3 26. Nxf3 Ne5 27. Kg2 Rad8 28. Bf4 Kg7 29. a3 a5 30. b4 axb4 31. axb4 Bxb4 32. Nxd4 Kg6 33. h5+ Kxh5 34. Rh1+ Kg6 35. Rh6+ Kg7 36. Ra7+ Rd7 37. Nf5+ Kg8 38. Ra6 Bc5 39. Rxf6 Ng4 40. Rc6 Rf8 41. Nh6+ Nxh6 42. Rxh6 Re8 0-1

[Event "*** Titled Tuesday Blitz"]
[Site "Chess.com"]
[Date "2021.04.06"]
[Round "7"]
[White "SargissyanSargis"]
[Black "MasterKroket"]
[Result "0-1"]
[WhiteElo "2376"]
[BlackElo "2518"]
[TimeControl "180+1"]
[EndTime "11:17:57 PDT"]
[Termination "MasterKroket won on time"]

1. e4 c5 2. Nf3 e6 3. d4 cxd4 4. Nxd4 Nc6 5. Nc3 Qc7 6. Be3 a6 7. f4 b5 8. Nxc6 Qxc6 9. Bd3 Bb7 10. O-O Nf6 11. a3 d5 12. exd5 Nxd5 13. Nxd5 Qxd5 14.
Qe2 Bc5 15. Bxc5 Qxc5+ 16. Kh1 O-O 17. f5 e5 18. f6 g6 19. Qg4 Rfd8 20. Rae1 Rd4 21.
Qg5 Re8 22. b4 Qd6 23. Re3 Kh8 24. Rh3 Qf8 25. Bxg6 fxg6 26. f7 Re6 27. Rh4 Rxh4 28. Qxh4 Kg7 29. Qg5 Be4 30. Qg4 Bd5 31. Qg5 Bc4 32.
Qg4 Bxf1 0-1

[Event "*** Titled Tuesday Blitz"]
[Site "Chess.com"]
[Date "2021.04.06"]
[Round "7"]
[White "volunteers1998"]
[Black "MateusViageiro"]
[Result "0-1"]
[WhiteElo "2223"]
[BlackElo "2364"]
[TimeControl "180+1"]
[EndTime "11:17:57 PDT"]
[Termination "MateusViageiro won on time"]

1. e4 c5 2. Nf3 d6 3. d4 cxd4 4. Nxd4 Nf6 5. Nc3 a6 6. h3 e5 7. Nde2 h5 8. Bg5 Nbd7 9. Nd5 b5 10. Ng3 Bb7 11. Be2 Bxd5 12. exd5 Qa5+ 13. Bd2 Qc7 14.
Nxh5 Nxh5 15. Bxh5 Rc8 16. Bf3 Qxc2 17. O-O Qxb2 18.
a4 Qd4 19. axb5 axb5 20. Qe2 Qc4 21. Rac1 Be7 22. Rxc4 bxc4 23. Rc1 O-O 24. Rxc4 Nf6 25. Rxc8 Rxc8 26. Bg5 Nxd5 27. Bxe7 Nxe7 28. Qd2 Rd8 29. Bd5 Nf5 30. Qd3 Nd4 31. Qe4 Rb8 32. f4 Re8 33. fxe5 dxe5 34. g4 Kf8 35. Kf2 g6 36. Ke3 Kg7 37.
Kf2 Re7 38. g5 Nf5 0-1

[Event "*** Titled Tuesday Blitz"]
[Site "Chess.com"]
[Date "2021.04.06"]
[Round "7"]
[White "prachiti01"]
[Black "Flopezin"]
[Result "0-1"]
[WhiteElo "2150"]
[BlackElo "2344"]
[TimeControl "180+1"]
[EndTime "11:17:57 PDT"]
[Termination "Flopezin won by checkmate"]

1. e4 e5 2. Nf3 Nc6 3. Bb5 a6 4. Ba4 Nf6 5. d3 Bc5 6. O-O b5 7. Bb3 d6 8. Nc3 Na5 9. Nd5 Nxb3 10. axb3 c6 11. Nxf6+ Qxf6 12. h3 h6 13. Re1 O-O 14. Be3 Bxe3 15. Rxe3 Re8 16. d4 exd4 17. Nxd4 Bb7 18.
c3 c5 19. Nf5 Rxe4 20. Rxe4 Bxe4 21. Nxd6 Bc6 22. b4 cxb4 23. cxb4 Rd8 24. Rxa6 Rxd6 25.
Qe2 Re6 26. Qd2 Qg5 27. Qxg5 hxg5 28. Rb6 Kh7 29. Kh2 Kg6 30. Kg3 Kf5 31. Rb8 Rd6 32. Rf8 Rd3+ 33. f3 Bd5 34. Rd8 Bc4 35. Rc8 Rb3 36.
Rc6 Rxb4 37. Rc5+ Kg6 38. Kg4 f6 39. Kg3 Rxb2 40. h4 Bf1 41. hxg5 Rxg2+ 42. Kh4 Rxg5 43. Rc1 Bd3 44. f4 Rd5 45. Rc7 b4 46. Rb7 Rb5 47. Re7 b3 48. Re3 b2 49. Rxd3 b1=Q 50. Rg3+ Kf7 51. f5 Qxf5 52. Rg4 Qh5+ 53. Kg3 Rb3+ 54. Kf4 Rb4+ 55. Ke3 Qxg4 56. Kd3 Qf3+ 57. Kc2 Rg4 58. Kd2 Rg2+ 59. Ke1 Qe2# 0-1